HRBL
HATTIESBURG HEAT @ BIRMINGHAM BULLS
08/11/2078
 
TOP OF THE 1ST
Hattiesburg Heat batting - Pitching for Birmingham Bulls : LHP Garrett Gray
Pitching: LHP Garrett Gray
Batting: RHB Jorge Castillo 0-0: Ball
1-0: Ball
2-0: Foul Ball, location: 2F
2-1: Ground out U3 (Groundball, 34, EV 80.6 MPH)
Batting: SHB Arlen Lucas 0-0: Ball
1-0: Ball
2-0: Called Strike
2-1: Ball
3-1: Called Strike
3-2: Strikes out looking
Batting: RHB Scott Rolen 0-0: Called Strike
0-1: Foul Ball, location: 2F
0-2: Fly out, F8 (Flyball, 8RD, EV 110.6 MPH)
Top of the 1st over - 0 runs, 0 hits, 0 errors, 0 left on base; Hattiesburg 0 - Birmingham 0
BOTTOM OF THE 1ST
Birmingham Bulls batting - Pitching for Hattiesburg Heat : RHP José Becerra
Pitching: RHP José Becerra
Batting: RHB Hubertus Klinger 0-0: Ground out 5-3 (Groundball, 15, EV 91.9 MPH)
Batting: RHB Will Graham 0-0: Ball
1-0: Fly out, F8 (Flyball, 8RXD, EV 107.5 MPH)
Batting: RHB George Dunn 0-0: Fly out, F8 (Flyball, 8LM, EV 87.5 MPH)
Bottom of the 1st over - 0 runs, 0 hits, 0 errors, 0 left on base; Hattiesburg 0 - Birmingham 0
TOP OF THE 2ND
Hattiesburg Heat batting - Pitching for Birmingham Bulls : LHP Garrett Gray
Batting: SHB José Hernández 0-0: Ball
1-0: SINGLE (Groundball, 4MD, EV 101.9 MPH)
Batting: LHB Mitch Gray 0-0: Ball
1-0: Called Strike
José Hernández steals 2nd base
1-1: Swinging Strike
1-2: Strikes out swinging
Batting: LHB Faical Bovay 0-0: DOUBLE (Flyball, 78D, EV 104.4 MPH)
José Hernández scores
Batting: RHB AntoÕio Alho 0-0: Ball
1-0: Ball
2-0: Called Strike
2-1: Swinging Strike
2-2: Strikes out swinging
Batting: RHB José Soto 0-0: Ball
1-0: Ball
2-0: Ground out 6-3 (Groundball, 6, EV 80.0 MPH)
Top of the 2nd over - 1 run, 2 hits, 0 errors, 1 left on base; Hattiesburg 1 - Birmingham 0
BOTTOM OF THE 2ND
Birmingham Bulls batting - Pitching for Hattiesburg Heat : RHP José Becerra
Batting: RHB Kenny Marshall 0-0: Foul Ball, location: 2F
0-1: Swinging Strike
0-2: Fly out, F6 (Popup, 6MS, EV 75.0 MPH)
Batting: RHB Ted Jackson 0-0: Ball
1-0: DOUBLE (Line Drive, 7LM, EV 108.1 MPH)
Batting: LHB Larry Dunn 0-0: Fly out, F9 (Flyball, 89S, EV 94.4 MPH)
Batting: RHB Felipe Martínez 0-0: Ball
1-0: Swinging Strike
1-1: Ball
2-1: Called Strike
2-2: Ground out 2-3 (Groundball, 15S, EV 67.5 MPH)
Bottom of the 2nd over - 0 runs, 1 hit, 0 errors, 1 left on base; Hattiesburg 1 - Birmingham 0
TOP OF THE 3RD
Hattiesburg Heat batting - Pitching for Birmingham Bulls : LHP Garrett Gray
Pinch Hitting: RHB Javier Aguilar 0-0: Called Strike
0-1: Ball
1-1: Foul Ball, location: 25FF
1-2: Fly out, F4 (Popup, 3DF, EV 68.8 MPH)
Batting: RHB Jorge Castillo 0-0: Called Strike
0-1: Ground out U3 (Groundball, 3, EV 101.3 MPH)
Batting: SHB Arlen Lucas 0-0: Ball
1-0: Foul Ball, location: 25FF
1-1: Ball
2-1: Ball
3-1: Foul Ball, location: 9LMF
3-2: Base on Balls
Batting: RHB Scott Rolen 0-0: Ball
1-0: SINGLE (Line Drive, 7LS, EV 103.8 MPH)
Arlen Lucas to second
Batting: SHB José Hernández 0-0: Hit by Pitch
Arlen Lucas to third
Scott Rolen to second
Batting: LHB Mitch Gray 0-0: Called Strike
0-1: Foul Ball, location: 7LSF
0-2: Strikes out looking
Top of the 3rd over - 0 runs, 1 hit, 0 errors, 3 left on base; Hattiesburg 1 - Birmingham 0
BOTTOM OF THE 3RD
Birmingham Bulls batting - Pitching for Hattiesburg Heat : RHP José Becerra
Pitching: RHP Theron Horne
Batting: RHB Jack Farlow 0-0: Fly out, F8 (Flyball, 89XD, EV 107.5 MPH)
Batting: LHB Garrett Gray 0-0: Ball
1-0: Ball
2-0: Foul Ball, location: 7LDF
2-1: Foul Ball, location: 7LSF
2-2: Ball
3-2: Foul Ball, location: 2F
3-2: SINGLE (Groundball, 6MD, EV 96.9 MPH)
Batting: RHB Hubertus Klinger 0-0: Ball
1-0: Called Strike
1-1: Grounds into double play, 6-4-3 (Groundball, 6, EV 102.5 MPH)
Bottom of the 3rd over - 0 runs, 1 hit, 0 errors, 0 left on base; Hattiesburg 1 - Birmingham 0
TOP OF THE 4TH
Hattiesburg Heat batting - Pitching for Birmingham Bulls : LHP Garrett Gray
Batting: LHB Faical Bovay 0-0: Ball
1-0: Ball
2-0: Called Strike
2-1: Called Strike
2-2: Fly out, F9 (Flyball, 9, EV 95.6 MPH)
Batting: RHB AntoÕio Alho 0-0: Ground out 6-3 (Groundball, 56, EV 102.5 MPH)
Batting: RHB José Soto 0-0: Foul Ball, location: 3SF
0-1: Ball
1-1: Ball
2-1: Swinging Strike
2-2: Foul Ball, location: 9LDF
2-2: Ball
3-2: Base on Balls
Batting: RHB Theron Horne 0-0: Foul Ball, location: 23FF
0-1: Foul Ball, location: 2F
0-2: Ball
1-2: Strikes out looking
Top of the 4th over - 0 runs, 0 hits, 0 errors, 1 left on base; Hattiesburg 1 - Birmingham 0
BOTTOM OF THE 4TH
Birmingham Bulls batting - Pitching for Hattiesburg Heat : RHP Theron Horne
Batting: RHB Will Graham 0-0: Foul Ball, location: 7LMF
0-1: Ball
1-1: Fly out, F9 (Flyball, 9, EV 78.1 MPH)
Batting: RHB George Dunn 0-0: Fly out, F8 (Flyball, 8LM, EV 90.0 MPH)
Batting: RHB Kenny Marshall 0-0: Ball
1-0: Called Strike
1-1: Ball
2-1: SINGLE (Groundball, 4MD, EV 109.4 MPH)
Batting: RHB Ted Jackson 0-0: Ball
1-0: Swinging Strike
1-1: Swinging Strike
1-2: Ball
2-2: Ball
3-2: Base on Balls
Kenny Marshall to second
Batting: LHB Larry Dunn 0-0: Called Strike
0-1: Fly out, F7 (Flyball, 7LD, EV 103.8 MPH)
Bottom of the 4th over - 0 runs, 1 hit, 0 errors, 2 left on base; Hattiesburg 1 - Birmingham 0
TOP OF THE 5TH
Hattiesburg Heat batting - Pitching for Birmingham Bulls : LHP Garrett Gray
Batting: RHB Jorge Castillo 0-0: Ball
1-0: Called Strike
1-1: Ground out U3 (Groundball, 3, EV 81.3 MPH)
Batting: SHB Arlen Lucas 0-0: Foul Ball, location: 9LSF
0-1: Called Strike
0-2: Ball
1-2: Ball
2-2: Ground out 6-3 (Groundball, 56, EV 81.3 MPH)
Batting: RHB Scott Rolen 0-0: Ball
1-0: Swinging Strike
1-1: Called Strike
1-2: Ball
2-2: Ball
3-2: Fly out, F9 (Flyball, 9, EV 95.6 MPH)
Top of the 5th over - 0 runs, 0 hits, 0 errors, 0 left on base; Hattiesburg 1 - Birmingham 0
BOTTOM OF THE 5TH
Birmingham Bulls batting - Pitching for Hattiesburg Heat : RHP Theron Horne
Batting: RHB Felipe Martínez 0-0: Ball
1-0: Ground out 6-3 (Groundball, 56, EV 81.3 MPH)
Batting: RHB Jack Farlow 0-0: Ball
1-0: Ball
2-0: Ball
3-0: Base on Balls
Batting: LHB Garrett Gray 0-0: Sac Bunt to P - play at second, runner OUT! 1-6
Pitching: RHP Lorenzo Rodríguez
Batting: RHB Hubertus Klinger 0-0: Ball
1-0: Fly out, F9 (Flyball, 9D, EV 103.1 MPH)
Bottom of the 5th over - 0 runs, 0 hits, 0 errors, 1 left on base; Hattiesburg 1 - Birmingham 0
TOP OF THE 6TH
Hattiesburg Heat batting - Pitching for Birmingham Bulls : LHP Garrett Gray
Batting: SHB José Hernández 0-0: Foul Ball, location: 23F
0-1: Foul Ball, location: 9LMF
0-2: Strikes out looking
Batting: LHB Mitch Gray 0-0: Swinging Strike
0-1: Called Strike
0-2: Ball
1-2: Fly out, F8 (Flyball, 8LXD, EV 101.9 MPH)
Batting: LHB Faical Bovay 0-0: Called Strike
0-1: Foul Ball, location: 3F
0-2: Fly out, F7 (Flyball, 78S, EV 91.3 MPH)
Top of the 6th over - 0 runs, 0 hits, 0 errors, 0 left on base; Hattiesburg 1 - Birmingham 0
BOTTOM OF THE 6TH
Birmingham Bulls batting - Pitching for Hattiesburg Heat : RHP Lorenzo Rodríguez
Batting: RHB Will Graham 0-0: Foul Ball, location: 7LMF
0-1: Swinging Strike
0-2: Strikes out swinging
Batting: RHB George Dunn 0-0: Swinging Strike
0-1: Ball
1-1: Ball
2-1: Ball
3-1: Foul Ball, location: 2F
3-2: Foul Ball, location: 3F
3-2: Strikes out swinging
Batting: RHB Kenny Marshall 0-0: Called Strike
0-1: Ball
1-1: Ball
2-1: Fly out, F7 (Flyball, 78M, EV 91.9 MPH)
Bottom of the 6th over - 0 runs, 0 hits, 0 errors, 0 left on base; Hattiesburg 1 - Birmingham 0
TOP OF THE 7TH
Hattiesburg Heat batting - Pitching for Birmingham Bulls : LHP Garrett Gray
Batting: RHB AntoÕio Alho 0-0: Fly out, F7 (Flyball, 78M, EV 79.4 MPH)
Batting: RHB José Soto 0-0: Ball
1-0: Foul Ball, location: 5FF
1-1: Ball
2-1: Foul Ball, location: 3DF
2-2: Strikes out swinging
Pinch Hitting: LHB Doug Bowman 0-0: Ball
1-0: SINGLE (Groundball, 3D, EV 95.0 MPH)
Batting: RHB Jorge Castillo 0-0: Swinging Strike
0-1: Swinging Strike
0-2: Ball
1-2: Foul Ball, location: 2F
1-2: Strikes out swinging
Top of the 7th over - 0 runs, 1 hit, 0 errors, 1 left on base; Hattiesburg 1 - Birmingham 0
BOTTOM OF THE 7TH
Birmingham Bulls batting - Pitching for Hattiesburg Heat : RHP Lorenzo Rodríguez
Pitching: RHP José Rivera
Batting: RHB Ted Jackson 0-0: Ball
1-0: Foul Ball, location: 25F
1-1: Ball
2-1: Called Strike
2-2: Foul Ball, location: 23F
2-2: Ball
3-2: Base on Balls
Batting: LHB Larry Dunn 0-0: Ball
1-0: Ball
2-0: Fielders Choice at 2nd, 5-4 (Groundball, 56, EV 97.5 MPH)
Pinch Hitting: LHB José Díaz 0-0: Ball
1-0: Ball
2-0: Called Strike
2-1: 2-RUN HOME RUN (Line Drive, 9D, EV 101.3 MPH), Distance : 384 ft
Batting: RHB Jack Farlow 0-0: Swinging Strike
0-1: Foul Ball, location: 23FF
0-2: Ball
1-2: Foul Ball, location: 9LDF
1-2: Fly out, F9 (Flyball, 9S, EV 77.5 MPH)
Batting: LHB Garrett Gray 0-0: Ball
1-0: Foul Ball, location: 2F
1-1: Ground out 1-3 (Groundball, 13S, EV 65.0 MPH)
Bottom of the 7th over - 2 runs, 1 hit, 0 errors, 0 left on base; Hattiesburg 1 - Birmingham 2
TOP OF THE 8TH
Hattiesburg Heat batting - Pitching for Birmingham Bulls : LHP Garrett Gray
Now in CF: Luis Arroyo
Batting: SHB Arlen Lucas 0-0: Called Strike
0-1: Ball
1-1: Ball
2-1: Foul Ball, location: 9LSF
2-2: Fly out, F3 (Line Drive, 3L, EV 109.4 MPH)
Batting: RHB Scott Rolen 0-0: Called Strike
0-1: Ball
1-1: Fly out, F7 (Flyball, 78M, EV 81.9 MPH)
Pitching: RHP Ernesto Torrez
Batting: SHB José Hernández 0-0: Ball
1-0: Ball
2-0: Ball
3-0: Fly out, F9 (Flyball, 9D, EV 108.1 MPH)
Top of the 8th over - 0 runs, 0 hits, 0 errors, 0 left on base; Hattiesburg 1 - Birmingham 2
BOTTOM OF THE 8TH
Birmingham Bulls batting - Pitching for Hattiesburg Heat : RHP José Rivera
Batting: RHB Hubertus Klinger 0-0: Fly out, F8 (Flyball, 8RXD, EV 112.5 MPH)
Batting: RHB Will Graham 0-0: Called Strike
0-1: DOUBLE (Flyball, 8RXD, EV 96.3 MPH)
Batting: RHB George Dunn 0-0: Ball
Wild Pitch!
Will Graham to third
1-0: Ball
2-0: Foul Ball, location: 9LSF
2-1: Foul Ball, location: 5FF
2-2: Fly out, F9 (Flyball, 9, EV 92.5 MPH)
Runner from 3rd tags up, OUT at HOME! 9-2
Bottom of the 8th over - 0 runs, 1 hit, 0 errors, 0 left on base; Hattiesburg 1 - Birmingham 2
TOP OF THE 9TH
Hattiesburg Heat batting - Pitching for Birmingham Bulls : RHP Ernesto Torrez
Pitching: RHP Daniel Bryan
Batting: LHB Mitch Gray 0-0: Swinging Strike
0-1: Called Strike
0-2: Strikes out swinging
Batting: LHB Faical Bovay 0-0: Ball
1-0: Foul Ball, location: 23F
1-1: Ball
2-1: Ball
3-1: Base on Balls
Batting: RHB AntoÕio Alho 0-0: Fielders Choice at 2nd, 4-6 (Groundball, 4, EV 110.6 MPH)
Pinch Hitting: RHB Dean Barker 0-0: Ball
1-0: Fly out, F7 (Flyball, 78S, EV 89.4 MPH)
Top of the 9th over - 0 runs, 0 hits, 0 errors, 1 left on base; Hattiesburg 1 - Birmingham 2
Monday, April 22nd , 2024 - OOTP Baseball 24.11 Build 85